 Dungeon Crawl Stone Soup version 0.32-a0-837-g8d3e27d251 (webtiles) character file.

Game seed: 465251376604272174

2849 Essalna the Digger (level 9, 0/69 HPs)
             Began as a Demonspawn Earth Elementalist on Mar 26, 2024.
             Was a Believer of Vehumet.
             Succumbed to a kobold brigand's poison
             ... in a bailey.
             The game lasted 00:15:11 (7314 turns).

Essalna the Digger (Demonspawn Earth Elementalist)  Turns: 7314, Time: 00:15:12

Health: 0/69       AC: 11    Str: 13 (14) XL:     9   Next: 46%
Magic:  2/17       EV: 12    Int: 19 (21) God:    Vehumet [**....]
Gold:   327        SH:  5    Dex: 16 (17) Spells: 15/19 levels left

rFire   + . .        c - staff of fire
rCold   . . .        v - +0 buckler
rNeg    . . .        F - +2 steam dragon scales
rPois   .            (helmet unavailable)
rElec   .            D - +0 cloak
rCorr   .            B - +1 pair of gloves
SInv    .            (no boots)
Will    .....        (no amulet)
Stlth   +++          h - +6 ring of dexterity
HPRegen 0.31/turn    y - +6 ring of strength
MPRegen 0.15/turn

%: no passive effects
@: mighty, lethally poisoned (0 -> -4), hasted, very quick
A: horns 3, powered by death 1, sturdy frame 1, camouflage 1, clumsy 1
a: Renounce Religion


You were in a bailey.
You worshipped Vehumet.
Vehumet was pleased with you.
You visited 1 branch of the dungeon, and saw 7 of its levels.
You also visited: Sewer and Bailey.

You collected 327 gold pieces.

Inventory:

Hand Weapons
 e - a +0 demon whip
Missiles
 s - a throwing net
Armour
 a - a +0 robe
 v - a +0 buckler (worn)
 B - a +1 pair of gloves (worn)
 C - a +0 robe of cold resistance
 D - a +0 cloak (worn)
 F - +2 steam dragon scales (worn)
Magical Staves
 c - a staff of fire (weapon)
Jewellery
 h - a +6 ring of dexterity (left hand)
 y - a +6 ring of strength (right hand)
 E - a ring of flight
Wands
 w - a wand of warping (4)
Scrolls
 d - 2 scrolls of enchant weapon
 f - 3 scrolls of teleportation
 g - 2 scrolls of fear
 k - 2 scrolls of enchant armour
 l - a scroll of amnesia
 o - 2 scrolls of vulnerability
 r - a scroll of identify
 t - a scroll of blinking
 u - 3 scrolls of immolation
 A - a scroll of fog
Potions
 j - 2 potions of brilliance


   Skills:
 + Level 5.9 Fighting
 + Level 3.4 Armour
 - Level 4.0 Dodging
 - Level 1.7 Stealth
 + Level 3.5 Shields
 + Level 5.6 Spellcasting
 - Level 4.0 Conjurations
 + Level 6.0 Earth Magic


You had 15 spell levels left.
You knew the following spells:

 Your Spells              Type           Power      Damage    Failure   Level
a - Sandblast             Erth           56%        2d13      1%          1
b - Stone Arrow           Conj/Erth      48%        3d10      6%          3

Your spell library contained the following spells:

 Spells                   Type           Power      Damage    Failure   Level
 Mercury Vapours          Alch/Air       10%        N/A       24%         2
 Passwall                 Erth           28%        N/A       4%          3
 Shock                    Conj/Air       48%        1d6       7%          1
 Sting                    Conj/Alch      48%        1d6       7%          1
 Momentum Strike          Conj/Tloc      24%        3d8       11%         2
 Apportation              Tloc           10%        N/A       16%         1
 Necrotise                Necr           20%        1d5       16%         1
 Summon Small Mammal      Summ           20%        N/A       16%         1
 Brom's Barrelling Bould  Conj/Erth      24%        2d5       21%         4
 Blink                    Tloc           10%        N/A       24%         2
 Lesser Beckoning         Tloc           10%        N/A       24%         2
 Petrify                  Alch/Erth      16%        N/A       41%         4
 Gell's Gravitas          Tloc           5%         N/A       43%         3
 Swiftness                Air            5%         N/A       43%         3
 Teleport Other           Tloc           5%         N/A       43%         3
 Tukima's Dance           Hex            5%         N/A       43%         3
 Iskenderun's Mystic Bla  Conj/Tloc      12%        2d5       56%         4
 Airstrike                Air            2%         2d(1-17)  83%         4
 Dimensional Bullseye     Hex/Tloc       2%         N/A       83%         4
 Ignite Poison            Fire/Alch      8%         N/A       83%         4
 Sticky Flame             Fire/Alch      8%         2d4       83%         4
 Dispersal                Tloc           2%         N/A       100%        6
 Ignition                 Fire           4%         3d4       100%        8


Dungeon Overview and Level Annotations

Branches:
Dungeon (7/15)             Temple (0/1) D:6           Sewer (visited)
 Bailey (1/1)

Altars:
Vehumet

Annotations:
D:4 1 runed translucent door, topfpfpflanze's ghost, novice HuCj


Innate Abilities, Weirdness & Mutations

You have a pair of large horns on your head.
You regenerate a little health from kills.
Your movements are slightly less encumbered by armour. (ER -2)
Your skin changes colour to match your surroundings (Stealth+).
You are clumsy. (Dex -2)


Message History

You are lethally poisoned!
You feel your strength returning.
Training target 4.0 for Dodging reached!
Your Dodging skill increases to level 4!
Casting: Sandblast (safe; 1% risk of failure)
Confirm with . or Enter, or press ? or * to list all spells.
Aiming: Sandblast (safe; 1% risk of failure)
Press: ? - help, Shift-Dir - straight line, f - kobold brigand
Aim: a kobold brigand, wielding a +0 war axe and quivering poisoned darts (heavily wounded, 79% to hit)
The blast of sand misses the kobold brigand.
* * * LOW HITPOINT WARNING * * *
You feel very sick.
An orc warrior comes into view.
It is wielding a +0 broad axe and quivering atropa-tipped darts.
The kobold brigand throws a poisoned dart.
The poisoned dart closely misses you.
Casting: Sandblast (safe; 1% risk of failure)
Confirm with . or Enter, or press ? or * to list all spells.
Aiming: Sandblast (safe; 1% risk of failure)
Press: ? - help, Shift-Dir - straight line, f/p - kobold brigand
Aim: a kobold brigand, wielding a +0 war axe and quivering poisoned darts (heavily wounded, 79% to hit)
The blast of sand hits the kobold brigand!
The kobold brigand is almost dead.
* * * LOW HITPOINT WARNING * * *
You feel very sick.
Okay, then.
Unknown command.
As you read the scroll of fear, it crumbles to dust.
You assume a fearsome visage.
The kobold brigand looks frightened!
The orc warrior looks frightened! x2
* * * LOW HITPOINT WARNING * * *
You feel sick.
Okay, then.
You are too injured to fight recklessly!
You feel very mighty all of a sudden.
* * * LOW HITPOINT WARNING * * *
You feel sick.
You feel yourself speed up.
* * * LOW HITPOINT WARNING * * *
You feel sick.
You die...

#((.# ####...####
##~.......~##
#####~~..(....~~##
#....~~..(....~~..
#.###~~..(....~~##
#....~(.......~~..
#.###~~.......~~##
#....~~...@...~~..
#.###~K.......~~##
#....~~...)...~~..
#.###~~.......~~##
#....~~.......~~..
#####~~.......~~##
##~.......~##
####)o'#### .....#


You could see an orc warrior (fleeing) and a kobold brigand (fleeing).

Vanquished Creatures
  Maggie (D:7)
  Prince Ribbit (D:7)
  Eustachio (D:5)
  Duvessa (D:6)
  2 orc warriors (Bailey)
  A sky beast (D:6)
  An ice beast (D:5)
  An ogre (D:6)
  A phantom (D:5)
  Blork the orc (D:6)
  2 bullfrogs (D:7)
  8 kobold brigands
  2 scorpions (D:5)
  Dowan (D:6)
  2 bombardier beetles (D:5)
  2 hounds
  Crazy Yiuf (D:6)
  2 gnoll boudas
  3 orc priests (D:7)
  A jelly (D:5)
  3 iguanas
  An orc wizard (D:5)
  8 gnolls
  7 adders
  2 ufetubi (D:7)
  3 ribbon worms
  2 dart slugs (D:1)
  15 orcs
  11 endoplasms
  6 giant cockroaches
  6 goblins
  5 hobgoblins
  4 jackals
  7 quokkas
  10 ball pythons
  3 bats
  5 frilled lizards
  29 kobolds
  14 rats
176 creatures vanquished.

Notes
Turn   | Place    | Note
-------+----------+-------------------------------------------
     0 | D:1      | Essalna the Demonspawn Earth Elementalist began the quest
                  | for the Orb.
     0 | D:1      | Reached XP level 1. HP: 13/13 MP: 3/3
   145 | D:1      | Gained mutation: You regenerate a little health from kills.
                  | [demonic ancestry]
   145 | D:1      | Reached XP level 2. HP: 20/20 MP: 3/5
   431 | D:1      | Reached skill level 1 in Fighting
   533 | D:1      | Reached skill level 3 in Earth Magic
   622 | D:1      | Reached XP level 3. HP: 26/26 MP: 3/6
   701 | D:1      | Learned a level 3 spell: Stone Arrow
  1359 | D:2      | Reached XP level 4. HP: 32/32 MP: 4/7
  1741 | D:2      | Found a radiant altar of Vehumet.
  1756 | D:2      | Became a worshipper of Vehumet
  2095 | D:3      | Found a glowing drain.
  2101 | Sewer    | Entered a sewer
  2279 | Sewer    | Noticed a kobold brigand
  2286 | Sewer    | Killed a kobold brigand
  2287 | Sewer    | Gained mutation: You have a pair of small horns on your
                  | head. [demonic ancestry]
  2287 | Sewer    | Reached XP level 5. HP: 13/38 MP: 3/9
  2603 | Sewer    | Reached * piety under Vehumet
  2603 | Sewer    | Offered knowledge of Shock by Vehumet.
  2724 | Sewer    | Gained mutation: Your movements are slightly less
                  | encumbered by armour. (ER -2) [demonic ancestry]
  2724 | Sewer    | Reached XP level 6. HP: 30/46 MP: 3/11
  3024 | D:3      | Found a faded altar of an unknown god.
  3351 | D:4      | Reached skill level 4 in Earth Magic
  4045 | D:4      | Noticed an orc warrior
  4257 | D:4      | Found a runed translucent door.
  4258 | D:4      | Noticed topfpfpflanze's ghost (novice HuCj)
  4392 | D:5      | Entered Level 5 of the Dungeon
  4412 | D:5      | Reached ** piety under Vehumet
  4414 | D:5      | Offered knowledge of Searing Ray by Vehumet.
  4552 | D:5      | Reached XP level 7. HP: 52/52 MP: 9/12
  5036 | D:5      | Noticed Eustachio
  5042 | D:5      | Killed Eustachio
  5043 | D:5      | Reached skill level 1 in Shields
  5354 | D:5      | Gained mutation: You have a pair of horns on your head.
                  | [demonic ancestry]
  5354 | D:5      | Reached XP level 8. HP: 44/61 MP: 6/14
  5455 | D:5      | Reached skill level 1 in Armour
  5455 | D:5      | Reached skill level 5 in Earth Magic
  5664 | D:6      | Identified the +2 leather armour of Disappointment {rF-
                  | SInv Stlth+}
  5730 | D:6      | Found a staircase to the Ecumenical Temple.
  6204 | D:6      | Noticed Blork the orc
  6209 | D:6      | Killed Blork the orc
  6493 | D:6      | Noticed Duvessa
  6494 | D:6      | Noticed Dowan
  6503 | D:6      | Killed Duvessa
  6507 | D:6      | Killed Dowan
  6508 | D:6      | Reached skill level 5 in Fighting
  6666 | D:6      | Found a runed translucent door.
  6667 | D:6      | Noticed Crazy Yiuf
  6674 | D:6      | Killed Crazy Yiuf
  6803 | D:6      | Reached skill level 5 in Spellcasting
  6962 | D:7      | Noticed Prince Ribbit
  6971 | D:7      | Killed Prince Ribbit
  7016 | D:7      | Noticed Maggie
  7025 | D:7      | Killed Maggie
  7026 | D:7      | Gained mutation: You have a pair of large horns on your
                  | head. [demonic ancestry]
  7026 | D:7      | Reached XP level 9. HP: 27/68 MP: 2/17
  7065 | D:7      | Found a flagged portal.
  7079 | Bailey   | Entered a bailey
  7123 | Bailey   | Offered knowledge of Mercury Vapours by Vehumet.
  7140 | Bailey   | Gained mutation: You are clumsy. (Dex -2) [potion of
                  | mutation]
  7140 | Bailey   | Gained mutation: Your skin changes colour to match your
                  | surroundings (Stealth+). [potion of mutation]
  7141 | Bailey   | HP: 1/68 [kobold brigand/+0 war axe (7)]
  7306 | Bailey   | Reached skill level 6 in Earth Magic
  7311 | Bailey   | HP: 3/69 [poisoned by a kobold brigand]
  7313 | Bailey   | HP: 1/69 [poisoned by a kobold brigand]
  7314 | Bailey   | Succumbed to a kobold brigand's poison

Illustrated notes

Levels and vault maps discovered:
D:1:      amcnicky_arrival_blooded_trapdoor, layout_loops_cross,
          hangedman_feature_mirror
D:2:      layout_loops_ring, basic_altar
D:3:      layout_basic, basic_ecumenical_altar,
          mainiacjoe_sewer_entry_somewhere_in_here_2, serial_bayou_ford_a
D:4:      minmay_chambers_of_fours, layout_loops_cross, gammafunk_ghost_grave
D:5:      layout_basic, chequers_arboretum, grunt_ministairs_1, uniq_eustachio
D:6:      layout_loops_ring, minmay_temple_entry_hall, uniq_blork_the_orc,
          uniq_duvessa, uniq_crazy_yiuf_cottage
D:7:      cheibrodos_fertilizer, layout_basic, enter_bailey_5,
          uniq_prince_ribbit1, uniq_maggie
Bailey:   bailey_axe_3, bailey

Skill      XL: |  1  2  3  4  5  6  7  8  9 |
---------------+----------------------------+-----
Fighting       | 1 2 3 4 5 |  5.9
Earth Magic    | 3 4 5 6 |  6.0
Conjurations   | 2 3 4 |  4.0
Spellcasting   | 3 4 5 |  5.6
Dodging        | 2 3 4 |  4.0
Shields        | 1 3 |  3.5
Armour         | 2 3 |  3.4
Stealth        | |  1.7

Action                     |  1- 3 |  4- 6 |  7- 9 || total
---------------------------+-------+-------+-------++-------
  Melee: Staff             |    13 |     6 |    38 ||    57
         Headbutt          |       |       |     8 ||     8
   Cast: Sandblast         |    59 |   142 |   104 ||   305
         Stone Arrow       |       |     4 |    24 ||    28
  Evoke: Wand              |       |       |     4 ||     4
    Use: Scroll            |       |     9 |     4 ||    13
         Potion            |       |     1 |    10 ||    11
 Armour: Robe              |    18 |    53 |    48 ||   119
         Steam dragon scal |       |       |    39 ||    39
  Dodge: Dodged            |    23 |    55 |    80 ||   158
  Block: Buckler           |       |       |    33 ||    33

Table legend: (Time is in decaauts)
 A = Elapsed time spent in this place.
 B = Non-inter-level travel time spent in this place.
 C = Inter-level travel time spent in this place.
 D = Time resting spent in this place.
 E = Time spent auto-exploring this place.
 F = Levels seen in this place.
 G = Mean time per level.
                   A        B        C        D        E       F      G
               +--------+--------+--------+--------+--------+-----+--------+
         Total |   7555 |   7085 |    470 |    107 |   5739 |   9 |  839.4 |
       Dungeon |   6496 |   6026 |    470 |    107 |   4996 |   7 |  928.0 |
         Sewer |    796 |    796 |      0 |      0 |    577 |   1 |  796.0 |
        Bailey |    263 |    263 |      0 |      0 |    165 |   1 |  263.0 |
               +--------+--------+--------+--------+--------+-----+--------+

Top non-repeatable levels by time:
     D:6: 1341 daAuts
     D:5: 1225 daAuts
     D:1: 1093 daAuts
     D:4: 959 daAuts
     D:2: 855 daAuts
     D:3: 848 daAuts
   Sewer: 796 daAuts
  Bailey: 263 daAuts
     D:7: 172 daAuts
